[Event "*** Titled Tuesday Blitz"]
[Site "Chess.com"]
[Date "2020.11.03"]
[Round "9"]
[White "Qvalda"]
[Black "Sacbutt"]
[Result "1-0"]
[WhiteElo "2393"]
[BlackElo "2292"]
[TimeControl "180+1"]
[EndTime "11:47:48 PST"]
[Termination "Qvalda won by resignation"]

1. e4 c5 2. c3 d5 3. exd5 Qxd5 4. d4 Nc6 5. Nf3 Bg4 6. Be2 e6 7. O-O Nf6 8. h3 Bh5 9. Be3 cxd4 10. Nxd4 Bxe2 11.
Qxe2 Nxd4 12. Bxd4 Be7 13. Rd1 Qc6 14. c4 O-O 15. Nc3 b6 16. Rac1 Rfd8 17. Rd2 Rd7 18. Rcd1 Rad8 19. b3 h6 20. g3 Nh7 21. Be3 Ng5 22.
Bxg5 Bxg5 23. Rxd7 Rxd7 24. Rxd7 Qxd7 25. Ne4 Be7 26.
Kg2 Qd4 27. Qf3 f5 28. Nc3 Bc5 29. Nb5 Qd2 30. a4 a5 31. Nc7 Kf7 32. g4 g6 33.
h4 Kg7 34. Nxe6+ 1-0

[Event "*** Titled Tuesday Blitz"]
[Site "Chess.com"]
[Date "2020.11.03"]
[Round "9"]
[White "Oligan22"]
[Black "Klavdia_Nik"]
[Result "1-0"]
[WhiteElo "2406"]
[BlackElo "2110"]
[TimeControl "180+1"]
[EndTime "11:47:51 PST"]
[Termination "Oligan22 won by checkmate"]

1. e4 e6 2. d4 d5 3. Nd2 dxe4 4. Nxe4 Bd7 5. Nf3 Bc6 6. Bd3 Nd7 7. O-O Ngf6 8.
Ned2 b6 9. Nc4 Bb7 10. Re1 Be7 11. c3 O-O 12. Bg5 c5 13. a4 cxd4 14. Nxd4 Nc5 15.
Bc2 h6 16. Bh4 Qd5 17. Ne3 Qd7 18. Qe2 Nd5 19. Bxe7 Qxe7 20. Nxd5 Bxd5 21. Qh5 Qg5 22. Qxg5 hxg5 23. Rad1 Rac8 24. Nf5 Rc7 25. b4 Na6 26. Re3 Nxb4 27. cxb4 Rxc2 28. Ne7+ Kh7 29. Rh3# 1-0

[Event "*** Titled Tuesday Blitz"]
[Site "Chess.com"]
[Date "2020.11.03"]
[Round "9"]
[White "akanga001"]
[Black "maicolbenavides"]
[Result "0-1"]
[WhiteElo "1932"]
[BlackElo "2190"]
[TimeControl "180+1"]
[EndTime "11:47:52 PST"]
[Termination "maicolbenavides won by resignation"]

1. d4 Nf6 2. c4 c5 3. d5 b5 4. cxb5 a6 5. e3 g6 6. Nc3 Bg7 7.
Nf3 O-O 8. e4 d6 9. a4 Qa5 10.
Bd2 axb5 11. Bxb5 Ba6 12. O-O Nbd7 13. Re1 Bxb5 14. Nxb5 Qb6 15. b3 Ng4 16. Rc1 Nge5 17. Nxe5 Nxe5 18. Bc3 Rfc8 19. f4 Nd7 20. Bxg7 Kxg7 21.
e5 c4+ 22. Kh1 cxb3 23. Qxb3 Nc5 24. Qg3 Rxa4 25. Nc3 Rc4 26. exd6 exd6 27. f5 Ne4 28. f6+ Kg8 29. Qh4 Nf2+ 30. Kg1 Rxh4 0-1

[Event "*** Titled Tuesday Blitz"]
[Site "Chess.com"]
[Date "2020.11.03"]
[Round "9"]
[White "Ranindu2003"]
[Black "DishonorOnYourCow"]
[Result "1-0"]
[WhiteElo "2569"]
[BlackElo "2413"]
[TimeControl "180+1"]
[EndTime "11:47:53 PST"]
[Termination "Ranindu2003 won on time"]

1. e4 c5 2. Nf3 d6 3. d4 cxd4 4.
Nxd4 Nf6 5. Nc3 a6 6. h3 e5 7. Nb3 h5 8. Bg5 Be6 9. Qd2 Be7 10. O-O-O Nbd7 11. f4 b5 12. Qe3 b4 13.
Nd5 Bxd5 14. exd5 Qb6 15. Qxb6 Nxb6 16. fxe5 dxe5 17. d6 Bd8 18. Nc5 Nfd7 19. Bxd8 Kxd8 20. Nxa6 Rh6 21. Nxb4 Nc8 22. Nc6+ Ke8 23. Bb5 Rxa2 24. Kb1 Ra8 25. Nxe5 Nb6 26. c4 Re6 27. Rhe1 Rc8 28. b4 h4 29. c5 Kd8 30. Nxf7+ 1-0

[Event "*** Titled Tuesday Blitz"]
[Site "Chess.com"]
[Date "2020.11.03"]
[Round "9"]
[White "Rital44"]
[Black "Chuchofrio1"]
[Result "0-1"]
[WhiteElo "2439"]
[BlackElo "2347"]
[TimeControl "180+1"]
[EndTime "11:47:53 PST"]
[Termination "Chuchofrio1 won on time"]

1. e3 f5 2. b3 Nf6 3. Bb2 e6 4. f4 Be7 5. Nf3 O-O 6. Be2 Nc6 7. h3 d6 8. g4 Qe8 9. g5 Nd5 10. h4 Bd8 11. h5 e5 12. Bc4 Be6 13. h6 g6 14. Qe2 exf4 15. Nc3 Nxc3 16. Bxc3 Bxc4 17. Qxc4+ Rf7 18. O-O-O fxe3 19. Nd4 Ne5 20. Qd5 exd2+ 21. Kb1 Bxg5 22. Ne6 Bf6 23. Nxc7 Qc8 24. Nb5 a6 25. Bxe5 Bxe5 26. Nd4 Qc3 27. Rh4 Rc8 28. Rg1 Bxd4 29. Rxg6+ Kf8 30. Rg8+ Kxg8 0-1

[Event "*** Titled Tuesday Blitz"]
[Site "Chess.com"]
[Date "2020.11.03"]
[Round "9"]
[White "Javylavilla"]
[Black "talyamania"]
[Result "1-0"]
[WhiteElo "2257"]
[BlackElo "2349"]
[TimeControl "180+1"]
[EndTime "11:47:54 PST"]
[Termination "Javylavilla won by checkmate"]

1. e4 c5 2. Nf3 d6 3. d4 cxd4 4. Nxd4 Nf6 5. Nc3 a6 6. Bg5 e6 7.
f4 Be7 8. Qf3 Qc7 9. O-O-O Nbd7 10. g4 b5 11. Bxf6 Nxf6 12. g5 Nd7 13. f5 Bxg5+ 14.
Kb1 Ne5 15. Qh5 Qd8 16. Nxe6 Bxe6 17. fxe6 O-O 18. exf7+ Rxf7 19. Bh3 g6 20. Qe2 Rf3 21. Be6+ Kg7 22. h4 Bf6 23. h5 Rxc3 24. bxc3 g5 25. h6+ Kh8 26. Rhf1 Qe7 27. Bd5 Rc8 28. Rf2 g4 29. Rdf1 Nf3 30. Rxf3 gxf3 31. Qxf3 Bxc3 32. Qg4 Rf8 33. Rg1 Qd8 34. Qg7+ Bxg7 35. hxg7# 1-0

[Event "*** Titled Tuesday Blitz"]
[Site "Chess.com"]
[Date "2020.11.03"]
[Round "9"]
[White "lefonghua"]
[Black "Balla_Tamas"]
[Result "0-1"]
[WhiteElo "2313"]
[BlackElo "2491"]
[TimeControl "180+1"]
[EndTime "11:47:57 PST"]
[Termination "Balla_Tamas won by resignation"]

1. d4 f5 2. Nc3 d5 3. Bg5 c6 4.
e3 Be6 5. Bd3 Nd7 6. Nf3 Ngf6 7.
Ne5 g6 8. Qe2 Nxe5 9. dxe5 Nd7 10.
f4 Qb6 11. O-O-O Nc5 12. Kb1 Nxd3 13. Rxd3 Bg7 14. Rhd1 Qc7 15. R3d2 O-O 16. Bh4 b6 17.
Bf2 a6 18. h4 h5 19. Qf3 Rfd8 20. Ne2 Bf7 21. Nd4 e6 22. Nb3 c5 23. c3 Bf8 24.
Be1 Be8 25. Qg3 Be7 26. Rc1 b5 27. Qf3 a5 28. Rcd1 a4 29. Nc1 b4 30. cxb4 cxb4 31. Qe2 Qb6 32. Nd3 Bb5 33. Qf3 Rdc8 34. Nf2 Ra7 35.
Rc1 Rac7 36. Rxc7 Qxc7 37. Qd1 b3 38. a3 Bxh4 39. Nd3 Bxd3+ 40. Rxd3 Bxe1 0-1

[Event "*** Titled Tuesday Blitz"]
[Site "Chess.com"]
[Date "2020.11.03"]
[Round "9"]
[White "Ural_bogatyr"]
[Black "Nikolaj_6"]
[Result "0-1"]
[WhiteElo "2385"]
[BlackElo "2551"]
[TimeControl "180+1"]
[EndTime "11:47:58 PST"]
[Termination "Nikolaj_6 won by checkmate"]

1. e4 c5 2. Nf3 e6 3. c3 Nf6 4.
e5 Nd5 5. d4 cxd4 6. Qxd4 Nc6 7. Qe4 f5 8. Qe2 Be7 9. g3 O-O 10. Bg2 b5 11. O-O a5 12. Rd1 Ba6 13. Nd4 b4 14. c4 Rc8 15. b3 f4 16. Qg4 Nxd4 17. Rxd4 Bc5 18. Rxd5 exd5 19. Bxd5+ Kh8 20. Bxf4 Bd4 21.
Nd2 Bxa1 22. Ne4 Qe8 23. Ng5 Bxe5 24. Nxh7 Bxf4 25. Nxf8 Qxf8 26. gxf4 Qf6 27. Qxd7 Rf8 28. f3 Bc8 29. Qc7 Qxf4 30. Qxa5 Bh3 31. Qxb4 Qe3+ 32. Kh1 Qc1+ 33. Qe1 Qxe1# 0-1

[Event "*** Titled Tuesday Blitz"]
[Site "Chess.com"]
[Date "2020.11.03"]
[Round "9"]
[White "AlexeiShirov"]
[Black "GelmanAlexander"]
[Result "1-0"]
[WhiteElo "2804"]
[BlackElo "2594"]
[TimeControl "180+1"]
[EndTime "11:47:59 PST"]
[Termination "AlexeiShirov won on time"]

1. e4 c5 2. Nf3 e6 3. d4 cxd4 4.
Nxd4 a6 5. c4 d6 6. Nc3 Nf6 7.
Be2 b6 8. g4 Bb7 9. f3 g6 10.
h4 h5 11. g5 Nfd7 12. f4 Nc6 13. f5 exf5 14. exf5 Be7 15. fxg6 fxg6 16. O-O Nxd4 17. Qxd4 Rf8 18. Rxf8+ Nxf8 19. Be3 Qd7 20. Nd5 Bxd5 21.
Qxd5 Rb8 22. Rf1 Qh3 23. Bf2 Nd7 24. Qg8+ Nf8 25. Re1 Kd8 26. Qf7 Ne6 27. Bf3 Kd7 28.
Rxe6 1-0

[Event "*** Titled Tuesday Blitz"]
[Site "Chess.com"]
[Date "2020.11.03"]
[Round "9"]
[White "JosefineHeinemann"]
[Black "Harsha_Bharathakoti"]
[Result "0-1"]
[WhiteElo "2606"]
[BlackElo "2810"]
[TimeControl "180+1"]
[EndTime "11:48:02 PST"]
[Termination "Harsha_Bharathakoti won by resignation"]

1. e4 c5 2. Nf3 Nc6 3. d4 cxd4 4. Nxd4 Nf6 5. Nc3 d6 6. f3 e5 7. Nb3 Be7 8. Be3 O-O 9. Qd2 a5 10. Bb5 Be6 11. Rd1 Na7 12. Bd3 Nc6 13. Bb5 Na7 14.
Bd3 Nc8 15. O-O a4 16. Nc1 Nb6 17. Qf2 Nbd7 18. Bb5 a3 19. b3 Qa5 20. Bd2 Qc7 21.
N1e2 Nc5 22. Be3 Rfd8 23. Nd5 Nxd5 24. exd5 Bf5 25. Rd2 Qa5 26. c4 Bf6 27. Rfd1 Qb4 28. Ng3 Bg6 29. f4 exf4 30. Bxf4 Nxb3 31. axb3 Qxb3 32.
Ra1 Bxa1 0-1

[Event "*** Titled Tuesday Blitz"]
[Site "Chess.com"]
[Date "2020.11.03"]
[Round "9"]
[White "Ladislav1969"]
[Black "PlotnikovPavel"]
[Result "1-0"]
[WhiteElo "2347"]
[BlackElo "2426"]
[TimeControl "180+1"]
[EndTime "11:48:05 PST"]
[Termination "Ladislav1969 won by checkmate"]

1. e4 e6 2. d4 d5 3. e5 c5 4. c3 Nc6 5. Nf3 Qb6 6. a3 Bd7 7. b4 cxd4 8. cxd4 Rc8 9. Be3 a5 10.
b5 Na7 11. a4 Nh6 12. Bd3 Nf5 13. O-O Be7 14. Qb3 O-O 15. Nc3 Bb4 16. Rac1 Nxe3 17.
fxe3 Qd8 18. Ne2 Qe7 19. Qb1 h6 20. Nf4 Rxc1 21. Qxc1 Nc8 22. Qc2 Nb6 23. Qc7 Nxa4 24. Qxb7 Nb2 25. Rc1 Qe8 26. Be2 Nc4 27. Bxc4 dxc4 28.
d5 Bxb5 29. dxe6 fxe6 30. Nxe6 Bc6 31. Qxg7# 1-0

[Event "*** Titled Tuesday Blitz"]
[Site "Chess.com"]
[Date "2020.11.03"]
[Round "9"]
[White "BogdanDeac"]
[Black "Duhless"]
[Result "0-1"]
[WhiteElo "2869"]
[BlackElo "3002"]
[TimeControl "180+1"]
[EndTime "11:48:06 PST"]
[Termination "Duhless won by resignation"]

1. Nf3 Nf6 2. c4 b6 3. d4 Bb7 4. Nc3 e6 5. a3 g6 6. Qc2 Bg7 7. e4 O-O 8. Be2 d6 9. O-O Nbd7 10. Rd1 h6 11. e5 Nh7 12. Be3 dxe5 13. Nxe5 Nxe5 14.
dxe5 Qe7 15. f4 Rfd8 16. Rxd8+ Rxd8 17. Rd1 Nf8 18. c5 Rxd1+ 19. Qxd1 Nd7 20. Qa4 Nxc5 21. Qxa7 Bc6 22. b4 Ne4 23. Nxe4 Bxe4 24. Bxb6 Qh4 25. g3 Qh3 26. Bf1 Qg4 27. Qb8+ Kh7 28. Qxc7 Qf3 29. Qxf7 Qh1+ 30. Kf2 Qf3+ 31. Ke1 Qc3+ 32. Kf2 Qf3+ 33. Ke1 Bd5 34. Bc5 Qc3+ 35. Kf2 Qd2+ 36. Kg1 Qe1 37. Qd7 Bc4 0-1

[Event "*** Titled Tuesday Blitz"]
[Site "Chess.com"]
[Date "2020.11.03"]
[Round "9"]
[White "hungrycaterpillar4"]
[Black "TimofeevAr"]
[Result "0-1"]
[WhiteElo "2578"]
[BlackElo "2803"]
[TimeControl "180+1"]
[EndTime "11:48:08 PST"]
[Termination "TimofeevAr won by resignation"]

1. Nf3 Nf6 2. b3 g6 3. Bb2 Bg7 4. d4 O-O 5. e3 d5 6. Be2 a5 7.
O-O a4 8. c4 c6 9. Nbd2 Qa5 10.
Qc2 Bf5 11. Bd3 Bxd3 12. Qxd3 Nbd7 13. Bc3 Qa6 14. e4 dxe4 15. Nxe4 Nxe4 16. Qxe4 e6 17.
h4 Qb6 18. Qc2 Rfd8 19. h5 axb3 20. axb3 Rxa1 21. Rxa1 Qc7 22. hxg6 hxg6 23. Ba5 b6 24. Bc3 Qf4 25. Qd2 Qxd2 26. Bxd2 Nc5 27. Bg5 Nxb3 28.
Ra3 f6 29. Rxb3 fxg5 30. Rxb6 g4 31. Ng5 Bxd4 32. Rxc6 g3 33. Nxe6 Ra8 34. Rc8+ Rxc8 35.
Nxd4 Rd8 0-1

[Event "*** Titled Tuesday Blitz"]
[Site "Chess.com"]
[Date "2020.11.03"]
[Round "9"]
[White "KaterinaMiroshnik"]
[Black "almo64"]
[Result "0-1"]
[WhiteElo "2540"]
[BlackElo "2696"]
[TimeControl "180+1"]
[EndTime "11:48:09 PST"]
[Termination "almo64 won by resignation"]

1. c3 e5 2. d3 d5 3. Nd2 Nf6 4. g3 Nc6 5. Bg2 h5 6. h4 Bc5 7.
e3 Bg4 8. Qc2 O-O 9. Nb3 Bb6 10.
Ne2 e4 11. d4 a5 12. O-O a4 13. Nc5 Bxc5 14. dxc5 Qe7 15. Nd4 Qxc5 16. Bd2 Ne5 17.
b3 Qd6 18. Nb5 Qd7 19. bxa4 Nf3+ 20. Kh1 Bh3 21. Nd4 Qg4 22. Qd1 Bxg2+ 23. Kxg2 Nxh4+ 24. Kh2 Nf3+ 25. Kg2 h4 26. Rh1 hxg3 27. fxg3 Nxd4 28.
Qxg4 Nxg4 29. cxd4 Rxa4 30. Rhc1 c6 31. Rcb1 Rfa8 32.
Rb2 Ra3 33. Kh3 Nf2+ 34. Kg2 Nd3 35. Rc2 R8a6 36. Kg1 Kh7 37. Bc3 Kg6 38. Bd2 b5 39. Kg2 f6 40. Kh3 b4 41. Rb1 Rxa2 42. Rxa2 Rxa2 43. Bxb4 Nf2+ 44. Kh4 Kf5 45. g4+ Nxg4 46. Rf1+ Rf2 0-1

[Event "*** Titled Tuesday Blitz"]
[Site "Chess.com"]
[Date "2020.11.03"]
[Round "9"]
[White "jefferyx"]
[Black "exoticprincess"]
[Result "1-0"]
[WhiteElo "2945"]
[BlackElo "2893"]
[TimeControl "180+1"]
[EndTime "11:48:11 PST"]
[Termination "jefferyx won on time"]

1. e4 c6 2. d4 d5 3. f3 g6 4.
Nc3 Bg7 5. Be3 dxe4 6. fxe4 Nf6 7. Nf3 O-O 8. Qd2 Na6 9. O-O-O Nb4 10. Bh6 a5 11.
Bxg7 Kxg7 12. Be2 Be6 13. Kb1 Qb6 14. Ng5 Bd7 15. Rhf1 h6 16. Nf3 Be6 17. a3 Rfd8 18.
Ne5 Qc7 19. Qf4 Qb6 20. Qf2 Nxc2 21. Kxc2 Bb3+ 22. Kc1 Bxd1 23. Rxd1 Qc7 24. Nxf7 Rf8 25. Ne5 Nxe4 26. Qe3 Nxc3 27. Qxc3 Rf6 28. Bd3 Rd8 29. g3 a4 30. Bc2 b5 31. Ng4 Rfd6 32. Qe3 g5 33.
Qe4 Rh8 34. Rf1 Qd7 35. Qe5+ Kg8 36. Rf8+ Kxf8 37. Qxh8+ Kf7 38. Ne5+ 1-0

[Event "*** Titled Tuesday Blitz"]
[Site "Chess.com"]
[Date "2020.11.03"]
[Round "9"]
[White "Radzio1987"]
[Black "mishanick"]
[Result "1/2-1/2"]
[WhiteElo "2817"]
[BlackElo "3009"]
[TimeControl "180+1"]
[EndTime "11:48:11 PST"]
[Termination "Game drawn by repetition"]

1. c4 e6 2. Nc3 d5 3. d4 Nf6 4. cxd5 Nxd5 5. e4 Nxc3 6. bxc3 c5 7. Nf3 cxd4 8. cxd4 Bb4+ 9. Bd2 Bxd2+ 10. Qxd2 O-O 11. Rc1 b6 12. Bd3 Bb7 13. O-O Nd7 14. h4 h6 15. Qf4 Rc8 16. Rxc8 Qxc8 17. Rc1 Qb8 18. Qxb8 Rxb8 19. Rc7 Nf6 20. Ne5 Bxe4 21. Bxe4 Nxe4 22. Rxf7 a5 23. Rc7 b5 24. f3 Nd6 25. Rc6 Nf5 26. Rxe6 Nxd4 27. Ra6 a4 28. Kf2 Nc2 29. Nc6 Rb7 30.
Ke2 Kh7 31. Kd2 Na3 32. Kc3 Nc4 33. Kb4 Ne3 34. g4 Nd5+ 35. Kc5 Nc3 36. a3 Nb1 37. Kb4 Rf7 38. Nd4 Rf4 39. Rd6 Nd2 40. Kxb5 Nxf3 41. Nxf3 Rxf3 42. Kxa4 Rf4+ 43. Kb5 Rxg4 44. a4 Rxh4 45. a5 Rh1 46. Rd4 Re1 47. a6 Re8 48. a7 g5 49. Kc6 Kg6 50. Kb7 h5 51. Re4 Rf8 52. Re6+ Kf5 53. Rc6 h4 54. Rc8 Rf7+ 55.
Rc7 Rf8 56. Rc8 Rf7+ 57. Rc7 Rf8 58. Rc8 1/2-1/2

[Event "*** Titled Tuesday Blitz"]
[Site "Chess.com"]
[Date "2020.11.03"]
[Round "9"]
[White "Nachsueb"]
[Black "Neftegor"]
[Result "1-0"]
[WhiteElo "2174"]
[BlackElo "2438"]
[TimeControl "180+1"]
[EndTime "11:48:12 PST"]
[Termination "Nachsueb won on time"]

1. c4 e5 2. Nc3 Bb4 3. g3 Bxc3 4. bxc3 d6 5. Bg2 Nc6 6. e3 Nge7 7. Ne2 O-O 8. d4 Na5 9. c5 dxc5 10. dxe5 Qxd1+ 11. Kxd1 Rd8+ 12. Ke1 Be6 13. Ba3 Bd5 14. e4 Nc4 15.
Bxc5 Ng6 16. exd5 Ngxe5 17. Bd4 Nd3+ 18. Kf1 Re8 19. Bf3 Rad8 20. Kg2 Nd2 21. Nf4 Nxf4+ 22. gxf4 Nxf3 23. Kxf3 Rxd5 24. Rhe1 Red8 25. Rab1 b6 26. Re7 c5 27. Be3 R5d7 28. Rxd7 Rxd7 29. Ke2 f6 30. Rd1 1-0

[Event "*** Titled Tuesday Blitz"]
[Site "Chess.com"]
[Date "2020.11.03"]
[Round "9"]
[White "Na_binci"]
[Black "VladimirBugayev"]
[Result "1/2-1/2"]
[WhiteElo "2162"]
[BlackElo "2287"]
[TimeControl "180+1"]
[EndTime "11:48:13 PST"]
[Termination "Game drawn by agreement"]

1. d4 Nf6 2. c4 c5 3. d5 b5 4.
cxb5 a6 5. bxa6 Bxa6 6. Nc3 d6 7. e4 Bxf1 8. Kxf1 g6 9. g4 h5 10. g5 Nfd7 11. Kg2 Bg7 12. Nge2 O-O 13. f4 Na6 14. f5 Be5 15. Nf4 e6 16. h4 exf5 17. exf5 Bxf4 18. Bxf4 Ne5 19. Bxe5 dxe5 20. Ne4 Nb4 21.
Nf6+ Kg7 22. Qe2 Nxd5 23. Qxe5 Nxf6 24. Qxf6+ Qxf6 25. gxf6+ Kxf6 26. fxg6 fxg6 27. Rhf1+ Ke5 28. Rxf8 Rxf8 29. a4 Ra8 30. a5 Ra6 31. Ra3 Kf5 32.
Kg3 g5 33. hxg5 Kxg5 34. Ra4 c4 35. Rxc4 Rxa5 1/2-1/2

[Event "*** Titled Tuesday Blitz"]
[Site "Chess.com"]
[Date "2020.11.03"]
[Round "9"]
[White "niki_2003"]
[Black "mr_gustavo"]
[Result "0-1"]
[WhiteElo "1966"]
[BlackElo "2403"]
[TimeControl "180+1"]
[EndTime "11:48:14 PST"]
[Termination "mr_gustavo won by checkmate"]

1. d4 Nf6 2. c4 g6 3. Nc3 Bg7 4. e4 d6 5. Nf3 O-O 6. Be2 e5 7. O-O Nc6 8. d5 Ne7 9. b4 Nd7 10. Re1 a5 11. bxa5 Rxa5 12. a4 f5 13. Ng5 Nc5 14.
Ba3 h6 15. Bb4 Ra8 16. Bxc5 dxc5 17. Ne6 Bxe6 18. dxe6 Qd4 19. Nb5 Qxe4 20. Nxc7 Rad8 21. Qb3 Rd2 22. Bf3 Qd4 23. Qe3 Qxe3 24. fxe3 e4 25.
Rab1 exf3 26. gxf3 f4 27. e4 Bd4+ 28. Kh1 g5 29. Rxb7 Ng6 30. Nb5 Nh4 31. e7 Nxf3 32. exf8=Q+ Kxf8 33. Rb8+ Kg7 34. Rb7+ Kg6 35. Rb6+ Kh5 36.
Nxd4 Rxh2# 0-1

[Event "*** Titled Tuesday Blitz"]
[Site "Chess.com"]
[Date "2020.11.03"]
[Round "9"]
[White "Mimsychess"]
[Black "yourstrulyme"]
[Result "1-0"]
[WhiteElo "2329"]
[BlackElo "2407"]
[TimeControl "180+1"]
[EndTime "11:48:15 PST"]
[Termination "Mimsychess won on time"]

1. d4 Nf6 2. Nf3 e6 3. Bg5 d5 4. Nbd2 Be7 5. e3 Nbd7 6. Bd3 c5 7. c3 b6 8. Ne5 Nxe5 9. dxe5 Nd7 10. Bxe7 Qxe7 11.
f4 f6 12. exf6 Nxf6 13. Nf3 O-O 14. Ne5 Bd7 15. O-O Be8 16. Qf3 Nd7 17. Qh3 h6 18. Ng4 Nf6 19. Rf3 Nxg4 20. Qxg4 Bd7 21. Qg6 Qf6 22.
Qh5 Be8 23. Qg4 Bd7 24. Raf1 Rae8 25. Qh5 Re7 26. Rg3 e5 27. fxe5 Qxe5 28. Rxf8+ Kxf8 29. Rf3+ Kg8 30. Qg6 Qxe3+ 31. Rxe3 Rxe3 32. Bf1 d4 33. Bc4+ Kh8 34. Qf7 1-0

[Event "*** Titled Tuesday Blitz"]
[Site "Chess.com"]
[Date "2020.11.03"]
[Round "9"]
[White "Skat2704"]
[Black "Eloist"]
[Result "1-0"]
[WhiteElo "2440"]
[BlackElo "2276"]
[TimeControl "180+1"]
[EndTime "11:48:18 PST"]
[Termination "Skat2704 won on time"]

1. d4 e6 2. c4 Nf6 3. Nf3 b6 4.
g3 Bb7 5. Bg2 Be7 6. O-O O-O 7.
Nc3 Ne4 8. Qc2 Nxc3 9. bxc3 Nc6 10. Nd2 Na5 11. Bxb7 Nxb7 12. e4 d6 13. f4 e5 14. Nf3 exf4 15. gxf4 f5 16. e5 d5 17. cxd5 Qxd5 18. c4 Qe4 19. Qb3 Na5 20. Qc3 Qc6 21. Nd2 Rad8 22. Rf2 Rxd4 23. Qxd4 Rd8 24. Qc3 Bc5 25. Bb2 Qg6+ 26. Kf1 Bxf2 27. Kxf2 Qg4 28. Nf3 Qxf4 29. e6 Qh6 30. Rg1 1-0

[Event "*** Titled Tuesday Blitz"]
[Site "Chess.com"]
[Date "2020.11.03"]
[Round "9"]
[White "BJthechessgod"]
[Black "Lady_Nika"]
[Result "1-0"]
[WhiteElo "2324"]
[BlackElo "2438"]
[TimeControl "180+1"]
[EndTime "11:48:19 PST"]
[Termination "BJthechessgod won by resignation"]

1. e4 e6 2. d4 d5 3. Nc3 Nf6 4. e5 Nfd7 5. f4 c5 6. Nf3 Nc6 7. Be3 cxd4 8. Nxd4 Bc5 9. Nce2 Qb6 10. Rb1 O-O 11.
c3 f6 12. exf6 Nxf6 13. b4 Bxd4 14. Nxd4 Ne4 15. Bd3 Nxc3 16. Qh5 Ne4 17. Nf5 Qc7 18. Ng3 g6 19. Qh6 Nxb4 20. Bxe4 dxe4 21. Rxb4 Qa5 22. Bd2 e3 23. Bc3 e5 24. O-O Rf7 25. fxe5 Be6 26. Rxf7 Kxf7 27. Qxh7+ Kf8 28. Qh8+ Ke7 29. Rxb7+ Bd7 30.
Qf6+ Ke8 31. Bxa5 e2 32. Nxe2 1-0

[Event "*** Titled Tuesday Blitz"]
[Site "Chess.com"]
[Date "2020.11.03"]
[Round "9"]
[White "natelleka"]
[Black "politeplayer"]
[Result "0-1"]
[WhiteElo "2187"]
[BlackElo "2222"]
[TimeControl "180+1"]
[EndTime "11:48:19 PST"]
[Termination "politeplayer won by checkmate"]

1. e4 e5 2. Nf3 Nf6 3. Nxe5 d6 4. Nf3 Nxe4 5. d4 d5 6. Bd3 Bd6 7. O-O O-O 8. Re1 Re8 9. c4 c6 10.
Nc3 Nxc3 11. Rxe8+ Qxe8 12. bxc3 Bg4 13. Be3 Bh5 14. Bxh7+ Kxh7 15. Ng5+ Kg6 16. g4 Qd7 17.
gxh5+ Kf6 18. Qf3+ Qf5 19. Nh7+ Ke6 20. Ng5+ Kf6 21.
Qxf5+ Kxf5 22. Nxf7 Ba3 23. Rb1 b6 24. cxd5 cxd5 25. Rb5 Nc6 26. c4 Ne7 27. cxd5 a6 28.
Rxb6 Nxd5 29. Rb7 Re8 30. Bc1 Re1+ 31. Kg2 Rxc1 32. Nh8 Nf4+ 33. Kf3 Rc3# 0-1

[Event "*** Titled Tuesday Blitz"]
[Site "Chess.com"]
[Date "2020.11.03"]
[Round "9"]
[White "LiemLe"]
[Black "Dr-Bassem"]
[Result "1-0"]
[WhiteElo "2997"]
[BlackElo "2806"]
[TimeControl "180+1"]
[EndTime "11:48:23 PST"]
[Termination "LiemLe won on time"]

1. e4 e5 2. Nf3 Nc6 3. Bb5 a6 4.
Ba4 Nf6 5. O-O Be7 6. Re1 b5 7. Bb3 d6 8. c3 O-O 9. h3 Nb8 10. d4 Nbd7 11. c4 c6 12. Nc3 b4 13. Ne2 Nxe4 14.
Qc2 f5 15. c5+ d5 16. Be3 Kh8 17. Nxe5 Nxe5 18. dxe5 Bh4 19. g3 Bg5 20. Bxg5 Nxg5 21. Kg2 f4 22. Nxf4 Rxf4 23. gxf4 Bxh3+ 24. Kg3 Qd7 25. Qd1 Rf8 26. fxg5 Qf5 27. f4 Qxf4+ 28. Kxh3 Qxg5 29. Rf1 Qh6+ 30. Kg3 Qe3+ 31. Rf3 Qg5+ 32.
Kh2 Qh4+ 33. Kg2 Qg4+ 34. Rg3 Qe4+ 35. Kg1 Qxe5 36. Qg4 Qxb2 37. Rf1 1-0

[Event "*** Titled Tuesday Blitz"]
[Site "Chess.com"]
[Date "2020.11.03"]
[Round "9"]
[White "kirillshevchenko"]
[Black "Kobalia"]
[Result "1/2-1/2"]
[WhiteElo "2867"]
[BlackElo "2753"]
[TimeControl "180+1"]
[EndTime "11:48:26 PST"]
[Termination "Game drawn by repetition"]

1. e4 c6 2. d4 d5 3. f3 dxe4 4. fxe4 e5 5. Nf3 Bg4 6. c3 Nf6 7. Be2 Bxf3 8. Bxf3 Bd6 9. O-O O-O 10. Bg5 Nbd7 11. Nd2 b5 12. Bg4 Qc7 13. Bxf6 Nxf6 14. Rxf6 gxf6 15. Bf5 Rfe8 16. Qh5 Kf8 17. Nf3 Ke7 18.
Rd1 Rg8 19. Bh3 b4 20. c4 exd4 21. Nxd4 Rg5 22. Nf5+ Rxf5 23. Bxf5 Rd8 24. Kh1 Be5 25. Rf1 Qd6 26. Bxh7 Rh8 27. Qh6 Qd3 28. Rg1 Bd4 29. e5 Rxh7 30. Qxf6+ Kf8 31. Qd8+ Kg7 32. Qf6+ Kg8 33.
Qd8+ Kg7 34. Qf6+ Kg8 35. Qd8+ Kg7 1/2-1/2

[Event "*** Titled Tuesday Blitz"]
[Site "Chess.com"]
[Date "2020.11.03"]
[Round "9"]
[White "levallem"]
[Black "tteshan"]
[Result "0-1"]
[WhiteElo "2233"]
[BlackElo "2361"]
[TimeControl "180+1"]
[EndTime "11:48:28 PST"]
[Termination "tteshan won by resignation"]

1. d4 d5 2. c4 dxc4 3. e3 Nf6 4. Bxc4 e6 5. Nc3 a6 6. Nf3 b5 7.
Bd3 Bb7 8. O-O Nbd7 9. a3 c5 10. Qe2 Be7 11. Rd1 Qb6 12. Bd2 O-O 13. Rac1 Rac8 14. Bc2 Rfd8 15. h3 h6 16. Be1 cxd4 17. Nxd4 Ne5 18. f3 Nc4 19. Bb3 Bc5 20. Bf2 e5 21.
Nf5 g6 22. Nxh6+ Kg7 23. Bxc4 Rxd1+ 24. Rxd1 bxc4 25. Ng4 Nxg4 26. hxg4 g5 27. e4 Bxf2+ 28. Qxf2 Qh6 29. Rd7 Rh8 30. Kf1 Bc6 31. Rc7 Qd6 32. Ra7 Rh1+ 33. Qg1 Qd3+ 34. Kf2 Qd4+ 0-1

[Event "*** Titled Tuesday Blitz"]
[Site "Chess.com"]
[Date "2020.11.03"]
[Round "9"]
[White "WiktoriaPOL"]
[Black "chessmachine14"]
[Result "0-1"]
[WhiteElo "2103"]
[BlackElo "2352"]
[TimeControl "180+1"]
[EndTime "11:48:30 PST"]
[Termination "chessmachine14 won by resignation"]

1. c4 Nf6 2. Nc3 g6 3. g3 Bg7 4. Bg2 O-O 5. e4 d6 6. Nge2 c5 7. O-O Nc6 8. d3 Rb8 9. h3 a6 10. a4 Bd7 11. Be3 Qc8 12. Kh2 Ne8 13. b3 Nc7 14. d4 cxd4 15. Nxd4 Ne6 16. Nxc6 bxc6 17.
Qc2 Qb7 18. Rab1 a5 19. f4 Nd4 20. Qd3 Nxb3 21. Nb5 Nc5 22. Bxc5 dxc5 23. Na3 Qc7 24. Rfd1 Be6 25. Rxb8 Rxb8 26. Rb1 Rb4 27. f5 Bc8 28. fxg6 hxg6 29. Rd1 Be6 30. Qc2 Rb2 31. Qd3 Be5 32.
Qd8+ Qxd8 33. Rxd8+ Kg7 34. Rd3 Ra2 35. Rb3 Bb2 36. Nc2 Bxc4 37. Rb6 Be5 38. Ne3 Bd3 39. Rxc6 Bd4 40. Nd5 Bf1 41. Nxe7 Rxg2+ 42. Kh1 Rxg3 0-1

[Event "*** Titled Tuesday Blitz"]
[Site "Chess.com"]
[Date "2020.11.03"]
[Round "9"]
[White "seorobert1971"]
[Black "MatyChess1"]
[Result "0-1"]
[WhiteElo "2726"]
[BlackElo "2593"]
[TimeControl "180+1"]
[EndTime "11:48:31 PST"]
[Termination "MatyChess1 won by resignation"]

1. e4 c5 2. Nf3 g6 3. d4 cxd4 4. Qxd4 Nf6 5. e5 Nc6 6. Qf4 Nd5 7. Qe4 Nc7 8. Nc3 Bg7 9. Bf4 O-O 10. O-O-O Ne6 11.
Bg3 d6 12. Bb5 Bd7 13. exd6 Bxc3 14. bxc3 Re8 15. Qd5 Qa5 16. dxe7 Qxc3 17. Qxd7 Nb4 18. Ba4 Nc5 19. Be5 Nxa2+ 20. Kb1 Nxd7 21. Bxc3 Nxc3+ 22. Kb2 Nxa4+ 23. Ka3 Ndb6 24. Rhe1 Rac8 25. Nd4 Nc3 26.
Rd3 Ncd5 0-1